 Dungeon Crawl Stone Soup version 0.17-a0-2030-g9ce824c (webtiles) character file.

1170 Gaunah the Basher (level 8, 0/74 HPs)
             Began as an Ogre Warper on Oct 11, 2015.
             Slain by an ice beast (5 damage)
             ... on level 5 of the Dungeon.
             The game lasted 00:25:10 (6230 turns).

Gaunah the Basher (Ogre Warper)                     Turns: 6230, Time: 00:25:10

Health: 0/74       AC:  4    Str: 17    XL:     8   Next: 40%
Magic:  16/16      EV: 10    Int: 12    God:
Gold:   219        SH:  0    Dex: 11    Spells: 1 memorised, 17 levels left

rFire  . . .     SeeInvis .     d - +0 giant club
rCold  . . .     Clarity  .     b - +1 robe
rNeg   . . .     SustAt   .     (no shield)
rPois  .         Gourm    .     (helmet restricted)
rElec  .         Spirit   .     (no cloak)
rCorr  .         Warding  .     (gloves unavailable)
rMut   .         Stasis   .     (boots unavailable)
MR     .....                    l - amulet of regeneration
Stlth  +.........               (no ring)
                                (no ring)

@: not resistant to hostile enchantments, very unstealthy
A: unfitting armour, blink, tough skin 1
a: Blink


You were on level 5 of the Dungeon.
You were near starving.

You visited 1 branch of the dungeon, and saw 6 of its levels.

You collected 269 gold pieces.
You spent 50 gold pieces at shops.

Inventory:

Hand Weapons
 d - a +0 giant club (weapon)
 w - a +0 mace of protection
Missiles
 e - 5 tomahawks of dispersal (quivered)
 n - 163 stones
 x - 6 tomahawks
Armour
 b - a +1 robe (worn)
Jewellery
 l - an amulet of regeneration (around neck)
Wands
 a - a wand of fire (3)
 g - a wand of polymorph (7)
Scrolls
 h - a scroll of amnesia
 j - 4 scrolls of identify
 m - 2 scrolls of fog
 r - 2 scrolls of remove curse
 s - a scroll of recharging
Potions
 i - 2 potions of brilliance
 t - 4 potions of mutation
Books
 c - a book of Spatial Translocations

   Spells                             Type                      Level
   a - Apportation                    Translocation                1
   b - Blink                          Translocation                2
   c - Shroud of Golubria             Charms/Translocation         2
   d - Portal Projectile              Translocation                3
   e - Teleport Other                 Translocation                3
   f - Passage of Golubria            Translocation                4
 y - a Necronomicon

   Spells                             Type                      Level
   a - Haunt                          Necromancy/Summoning         7
   b - Borgnjor's Revivification      Necromancy                   8
   c - Death's Door                   Charms/Necromancy            8
   d - Necromutation                  Transmutation/Necromancy     8
Comestibles
 f - 4 bread rations
 k - a beef jerky


   Skills:
 - Level 2.6 Fighting
 - Level 9.1 Maces & Flails
 - Level 1.0 Throwing
 + Level 3.1 Dodging
 - Level 5.6 Spellcasting
 - Level 4.1 Translocations


You had 17 spell levels left.
You knew the following spells:

 Your Spells              Type           Power        Failure   Level  Hunger
a - Apportation           Tloc           ##........   3%          1    None


Dungeon Overview and Level Annotations

Branches:
Dungeon (6/15)
 Temple: D:4-7

Altars:
Makhleb
Okawaru
Xom

Shops:
D:5 *


Innate Abilities, Weirdness & Mutations

You are too large for most types of armour.
You have tough skin (AC +1).
You can translocate small distances at will.


Message History

The ice beast freezes you!
* * * LOW HITPOINT WARNING * * *
You climb upwards.
There is a stone staircase leading down here.
You barely miss the ice beast.
The ice beast is lightly wounded.
The ice beast closely misses you.
Drink which item? (? for menu, Esc to quit)
Okay, then.
Read which item? (? for menu, Esc to quit)
Okay, then.
Memorise Teleport Other, consuming 3 spell levels and leaving 14?
The ice beast barely misses you.
You start memorising the spell.
You continue memorising.
The ice beast barely misses you.
You continue memorising.
The ice beast hits you.
Your memorisation is interrupted.
* * * LOW HITPOINT WARNING * * *
The ice beast freezes you.
You die...

###.## ##...# ##........##....##
##..###...#####..##.##..##...###
#..........##...###..##.#....##Z
##..............## #..##.#...## l
#....#.##......#####.(####...#
.....##....#...........###...# #
......#.#.##.............##'## ##
.......#####...#.##..#..#...####.
....#####.#....#@......####..##..
.##..##........##Y......# ##....#
..).........#.......#...####.....
#....>.......##.....###..##......
#.#....##.#.......######.........
.....<...##.......##...#.........
...##....#..#....#.#.#.##........
...##............##....#...###...
..................#.#.#..### ##..


You could see an ice beast.

Vanquished Creatures
  The ghost of chimenez the Slasher, a novice DsFi of Cheibriados (D:6)
  An ogre (D:4)
  A centaur (D:5)
  A gnoll sergeant (D:5)
  A hound (D:4)
  2 orc wizards (D:4)
  2 crimson imps
  A centaur skeleton (D:5)
  An orc priest (D:4)
  An iguana (D:4)
  3 worker ants
  A hound skeleton (D:6)
  5 adders
  4 gnolls
  A river rat (D:3)
  A shadow imp (D:5)
  2 oozes
  3 worms
  An adder skeleton (D:5)
  4 giant geckos
  11 orcs
  6 giant cockroaches
  4 goblins
  6 hobgoblins
  4 ball pythons (D:2)
  9 bats
  A giant gecko skeleton (D:4)
  6 giant newts
  A jackal skeleton (D:4)
  5 kobolds
  A quokka (D:4)
  10 rats
101 creatures vanquished.

Notes
Turn   | Place    | Note
--------------------------------------------------------------
     0 | D:1      | Gaunah the Ogre Warper began the quest for the Orb.
     0 | D:1      | Reached XP level 1. HP: 22/22 MP: 3/3
   115 | D:1      | Reached skill level 3 in Maces & Flails
   200 | D:1      | Found a shimmering altar of Xom.
   229 | D:1      | Reached XP level 2. HP: 21/29 MP: 5/5
   512 | D:1      | Reached skill level 4 in Maces & Flails
   736 | D:2      | Reached XP level 3. HP: 17/36 MP: 6/6
  1254 | D:2      | Reached XP level 4. HP: 34/44 MP: 7/7
  1326 | D:2      | Reached skill level 5 in Maces & Flails
  1529 | D:3      | Found a burning altar of Makhleb.
  1895 | D:3      | Found a glowing drain.
  1909 | D:3      | Reached XP level 5. HP: 37/50 MP: 8/8
  2364 | D:4      | Noticed an ogre
  2394 | D:4      | Killed an ogre
  2394 | D:4      | Reached XP level 6. HP: 5/59 MP: 9/11
  2396 | D:4      | HP: 2/59 [orc wizard/dagger of draining (1)]
  4182 | D:5      | Entered Level 5 of the Dungeon
  4211 | D:5      | Reached XP level 7. HP: 58/66 MP: 13/13
  4421 | D:5      | Found Toycs's General Store.
  4427 | D:5      | Bought a potion of heal wounds for 50 gold pieces
  4465 | D:5      | Reached skill level 5 in Spellcasting
  4799 | D:5      | Found a shimmering altar of Xom.
  5735 | D:5      | Found an iron altar of Okawaru.
  6023 | D:6      | Reached skill level 6 in Maces & Flails
  6161 | D:6      | Noticed chimenez's ghost (novice DsFi)
  6168 | D:6      | Gained mutation: You can translocate small distances at will. [potion of beneficial mutation]
  6176 | D:6      | Killed chimenez's ghost
  6176 | D:6      | Reached skill level 9 in Maces & Flails
  6176 | D:6      | Reached XP level 8. HP: 22/74 MP: 16/16
  6230 | D:5      | Slain by an ice beast

Vault maps used:
D:1:      dpeg_arrival_stone_temple_mockup, xom_teletrap_fun
D:2:      kennysheep_generic_room_13
D:3:      gup_sewer_entry_bowl, grunt_decor_clamped, bloody_makhleb
D:4:      first_bread
D:5:      kennysheep_mini, kennysheep_mini_moat, serial_shops,
          nicolae_shop_statue_plus, lightli_corner_chamber
D:6:      kennysheep_little_box, minmay_temple_entry_crystal_x

Action                   |  1- 3 |  4- 6 |  7- 9 || total
-------------------------+-------+-------+-------++-------
Melee: Mace              |   116 |   194 |       ||   310
       Giant club        |       |    23 |    87 ||   110
Evoke: Wand              |       |     5 |       ||     5
  Use: Scroll            |       |     8 |     1 ||     9
       Potion            |       |     4 |     5 ||     9
 Stab: Sleeping          |     2 |       |       ||     2
  Eat: Chunk             |     1 |     6 |     5 ||    12
       Fruit             |       |     2 |       ||     2
       Pizza             |       |     1 |     1 ||     2
       Beef jerky        |       |       |     1 ||     1
